 Dungeon Crawl Stone Soup version 0.27-a0-277-g024f7ef292 (webtiles) character file.

Game seed: 4049599734888598665

17878 Nattfarinn the Thaumaturge (level 12, -7/92 (97) HPs)
             Began as a Barachi Ice Elementalist on Feb 6, 2021.
             Was a High Priest of Cheibriados.
             Mangled by a freezing wraith (10 damage)
             ... led by a death knight
             ... on level 13 of the Dungeon.
             The game lasted 00:49:40 (18215 turns).

Nattfarinn the Thaumaturge (BaIE)                  Turns: 18215, Time: 00:49:41

HP:   -7/92 (97)    AC: 21    Str: 23    XL:     12   Next: 52%
MP:   9/30          EV: 21    Int: 36    God:    Cheibriados [*****.]
Gold: 1332          SH:  0    Dex: 25    Spells: 28/39 levels left

rFire    . . .     SeeInvis .   t - +2 mace (drain)
rCold    . . .     Faith    .   (no shield)
rNeg     . . .     Spirit   .   B - +3 ring mail of Midnight {rPois Regen+ Int+2}
rPois    +         Reflect  .   A - +0 helmet
rElec    .         Harm     .   H - +1 cloak
rCorr    .         Rampage  .   M - +1 pair of gloves
Will     .....                  F - +2 pair of boots
Stlth    ++........             (no amulet)
HPRegen  0.65/turn              z - +4 ring of evasion
MPRegen  0.22/turn              O - +4 ring of evasion

@: weak-willed, slowed, studying Spellcasting, drained, very slow
A: +LOS, swims, slowness 1, strong legs 1
a: Hop, Renounce Religion, Bend Time, Temporal Distortion, Slouch, Step From
Time


You were on level 13 of the Dungeon.
You worshipped Cheibriados.
Cheibriados was extremely pleased with you.
You visited 2 branches of the dungeon, and saw 14 of its levels.
You also visited: Bailey.

You collected 1750 gold pieces.
You spent 418 gold pieces at shops.

Inventory:

Hand Weapons
 t - a +2 mace of draining (weapon)
Missiles
 o - 69 poisoned darts (quivered)
Armour
 u - +0 steam dragon scales
 A - a +0 helmet (worn)
 B - the +3 ring mail of Midnight (worn) {rPois Regen+ Int+2}
   (You found it on level 4 of the Dungeon)

   It affects your intelligence (+2).
   It protects you from poison.
   It increases your rate of regeneration.
 F - a +2 pair of boots (worn)
 H - a +1 cloak (worn)
 M - a +1 pair of gloves (worn)
Magical Staves
 y - an uncursed staff of conjuration
Jewellery
 x - an uncursed ring of poison resistance
 z - a +4 ring of evasion (left hand)
 O - a +4 ring of evasion (right hand)
Wands
 k - a wand of flame (79)
 n - a wand of paralysis (12)
 q - a wand of mindburst (9)
 w - a wand of polymorph (7)
Scrolls
 d - 3 scrolls of teleportation
 e - a scroll of fog {unknown}
 f - 3 scrolls of enchant weapon
 g - 6 scrolls of remove curse
 j - 2 scrolls of identify
 l - a scroll of blinking
 p - 2 scrolls of fear {unknown}
 r - 2 scrolls of amnesia {unknown}
 s - 4 scrolls of magic mapping
 D - a scroll of vulnerability {unknown}
 G - a scroll of immolation {unknown}
 J - a scroll of noise {unknown}
 K - 2 scrolls of enchant armour
 N - a scroll of random uselessness {unknown}
Potions
 a - 2 potions of cancellation {unknown}
 b - 3 potions of degeneration {unknown}
 c - a potion of flight {unknown}
 h - 2 potions of curing
 i - 2 potions of mutation {unknown}
 m - 2 potions of ambrosia {unknown}
 v - 2 potions of heal wounds
 C - 2 potions of attraction {unknown}
 E - 3 potions of brilliance {unknown}
 I - a potion of lignification {unknown}
 L - a potion of might {unknown}
 P - a potion of invisibility


   Skills:
 * Level 10.0 Fighting
 - Level 12.9 Armour
 - Level 2.1 Dodging
 - Level 1.7 Stealth
 - Level 14.4 Spellcasting
 + Level 12.0 Ice Magic


You had 28 spell levels left.
You knew the following spells:

 Your Spells              Type           Power        Failure   Level
a - Freeze                Ice            100%         0%          1
b - Frozen Ramparts       Ice            100%         1%          3
c - Summon Ice Beast      Ice/Summ       62%          1%          4
d - Stone Arrow           Conj/Erth      50%          6%          3

Your spell library contained the following spells:

 Spells                   Type           Power        Failure   Level
 Sandblast                Erth           50%          1%          1
 Ozocubu's Armour         Ice            85%          1%          3
 Hailstorm                Conj/Ice       62%          1%          4
 Passwall                 Tmut/Erth      20%          3%          2
 Metabolic Englaciation   Hex/Ice        31%          4%          5
 Confusing Touch          Hex            25%          6%          3
 Gell's Gravitas          Tloc           12%          6%          3
 Petrify                  Tmut/Erth      25%          21%         4
 Summon Lightning Spire   Summ/Air       25%          21%         4
 Irradiate                Conj/Tmut      12%          50%         5
 Lee's Rapid Deconstruct  Erth           12%          50%         5
 Silence                  Hex/Air        12%          50%         5
 Yara's Violent Unravell  Hex/Tmut       12%          50%         5
 Conjure Ball Lightning   Conj/Air       12%          97%         6
 Hydra Form               Tmut           12%          97%         6
 Statue Form              Tmut/Erth      16%          97%         6
 Dragon Form              Tmut           12%          100%        7
 Tornado                  Air            12%          100%        9


Dungeon Overview and Level Annotations

Branches:
Dungeon (13/15)            Temple (1/1) D:4            Lair (0/6) D:11
    Orc (0/2) D:10         Vaults (0/5) D:13         Bailey (visited)

Altars:
Ashenzari
Cheibriados
Dithmenos
Elyvilon
Fedhas
Gozag
Hepliaklqana
Kikubaaqudgha
Makhleb
Nemelex Xobeh
Okawaru
Qazlal
Ru
Sif Muna
Trog
Uskayaw
Vehumet
Wu Jian
Xom
Yredelemnul
Zin
The Shining One

Shops:
D:10 *   D:13 [!

Annotations:
D:10 Fannar


Innate Abilities, Weirdness & Mutations

You can be seen from farther away. (+LOS)
You can swim through water.
You cover ground slowly.
You can hop short distances.


Message History

The freezing wraith hits you but does no damage.
The freezing wraith barely misses you. The phantasmal warrior hits you!!
The wraith misses you. The freezing wraith barely misses you.
The freezing wraith misses you.
Unknown command.
You fail to use your ability.
The phantasmal warrior barely misses you.
The wraith misses you.
The freezing wraith completely misses you.
The freezing wraith closely misses you.
The phantasmal warrior hits you but does no damage.
You fail to use your ability.
The wraith misses you. The freezing wraith hits you.
The freezing wraith freezes you!!
* * * LOW HITPOINT WARNING * * *
The freezing wraith misses you.
The phantasmal warrior completely misses you.
The wraith hits you but does no damage. The freezing wraith hits you.
* * * LOW HITPOINT WARNING * * *
The freezing wraith freezes you!
You die...

#########
################.......##########
.#.............#.......#.....#...
.#.............W@W.....#.....#...
.#.............#W......#.....#...
.#.............#.......#.....#...
.##..p..########.......#.....'...
.##p#####..............#.....#...
###.ยง...#..............#.....#...
.##.....#......>.......#....##..(
.#......#..............'....#####
.#......#..............#.....#...


You could see a phantasmal warrior, a freezing wraith and a wraith.

Vanquished Creatures
  A hydra (D:13)
  8 vault guards (D:13)
  A centaur warrior (D:13)
  A two-headed ogre (D:6)
  A manticore (D:13)
  A gargoyle (D:11)
  A kobold demonologist (D:13)
  A freezing wraith (D:13)
  2 trolls
  2 hornets (D:11)
  A shadow (D:12)
  3 yaks (D:13)
  A basilisk (D:13)
  A nameless horror (Bailey)
  A steam dragon (D:9)
  A wyvern (D:9)
  3 wargs (D:11)
  Duvessa (D:7)
  A sky beast (D:9)
  5 orc warriors
  An ice beast (D:6)
  3 black bears
  4 ogres
  20 centaurs
  A phantom (D:11)
  4 bullfrogs
  4 gnoll sergeants (Bailey)
  Dowan (D:7)
  8 scorpions
  2 jellies
  7 killer bees
  A wight (D:6)
  3 howler monkeys (D:11)
  2 hounds
  2 centaur zombies
  2 centaur skeletons
  3 gnoll shamans (Bailey)
  5 orc priests
  A bullfrog skeleton (D:13)
  4 iguanas
  10 orc wizards
  5 worker ants
  A hound zombie (D:8)
  17 gnolls
  11 adders
  A shadow imp (D:8)
  2 white imps
  2 ufetubi
  An ooze (D:2)
  3 worms
  3 dart slugs
  5 leopard geckos
  60 orcs
  5 giant cockroaches
  12 goblins
  8 hobgoblins
  5 jackals (D:8)
  3 quokkas
  A ball python (D:4)
  10 bats
  6 frilled lizards
  9 kobolds
  A leopard gecko zombie (D:8)
  A quokka skeleton (D:4)
  6 rats
303 creatures vanquished.

Vanquished Creatures (collateral kills)
  A hydra (D:11)
  A cyclops (D:13)
  Menkaure (D:6)
  2 ice beasts
  2 ogres
  4 gnoll sergeants (Bailey)
  2 wights (D:6)
  3 hounds
  3 gnoll shamans (Bailey)
  7 gnolls (Bailey)
  An adder (D:6)
  4 white imps
  An ufetubus (D:6)
  A quokka skeleton (D:6)
33 creatures vanquished.

Grand Total: 336 creatures vanquished

Notes
Turn   | Place    | Note
-------+----------+-------------------------------------------
     0 | D:1      | Nattfarinn the Barachi Ice Elementalist began the quest for
                  | the Orb.
     0 | D:1      | Reached XP level 1. HP: 13/13 MP: 3/3
    75 | D:1      | Reached skill level 5 in Ice Magic
   234 | D:1      | Reached XP level 2. HP: 19/19 MP: 3/5
   704 | D:1      | Reached XP level 3. HP: 22/24 MP: 4/6
  1276 | D:1      | Learned a level 3 spell: Frozen Ramparts
  1443 | D:2      | Found a sparkling altar of Nemelex Xobeh.
  2093 | D:2      | Reached XP level 4. HP: 30/30 MP: 3/7
  2613 | D:3      | Reached XP level 5. HP: 14/35 MP: 0/8
  3089 | D:3      | Found a sparkling altar of Nemelex Xobeh.
  3209 | D:3      | Learned a level 4 spell: Summon Ice Beast
  3340 | D:4      | Found a staircase to the Ecumenical Temple.
  3355 | Temple   | Entered the Ecumenical Temple
  3461 | Temple   | Became a worshipper of Cheibriados the Contemplative
  3785 | D:4      | Found a white marble altar of Elyvilon.
  3963 | D:4      | Noticed an ogre
  3973 | D:4      | Killed an ogre
  3974 | D:4      | Reached XP level 6. HP: 10/41 MP: 2/9
  5128 | D:5      | Entered Level 5 of the Dungeon
  5137 | D:5      | Noticed an ice beast
  5174 | D:5      | Killed an ice beast
  5175 | D:5      | Reached XP level 7. HP: 46/46 MP: 10/10
  5412 | D:5      | Found a sacrificial altar of Ru.
  5659 | D:5      | Reached skill level 10 in Ice Magic
  6321 | D:6      | Reached skill level 3 in Spellcasting
  6471 | D:6      | Reached * piety under Cheibriados
  6989 | D:6      | Noticed a two-headed ogre
  7007 | D:6      | Killed a two-headed ogre
  7008 | D:6      | Reached skill level 6 in Spellcasting
  7008 | D:6      | Reached XP level 8. HP: 23/52 MP: 0/17
  7285 | D:6      | Reached skill level 7 in Spellcasting
  7411 | D:6      | Reached skill level 8 in Spellcasting
  7561 | D:6      | Found a blossoming altar of Fedhas.
  7592 | D:6      | Found a bloodstained altar of Trog.
  7595 | D:6      | Found an ornate altar of the Wu Jian Council.
  7661 | D:6      | Found a shimmering blue altar of Sif Muna.
  7729 | D:6      | Reached skill level 9 in Spellcasting
  8142 | D:6      | Noticed Menkaure
  8156 | D:6      | Killed Menkaure
  8710 | D:7      | Found a flagged portal.
  8739 | Bailey   | Entered a bailey
  8763 | Bailey   | Reached skill level 10 in Spellcasting
  8998 | Bailey   | Reached XP level 9. HP: 15/57 MP: 9/23
  9004 | Bailey   | Reached ** piety under Cheibriados
  9278 | Bailey   | Noticed a nameless horror
  9281 | Bailey   | Killed a nameless horror
  9458 | Bailey   | Reached skill level 11 in Spellcasting
  9969 | Bailey   | Reached skill level 12 in Spellcasting
 10542 | D:4      | Got a masterwork ring mail
 10543 | D:4      | Identified the +3 ring mail of Midnight {rPois Regen+
                  | Int+2} (You found it on level 4 of the Dungeon)
 11154 | D:7      | Noticed Duvessa
 11211 | D:7      | Found a shimmering altar of Xom.
 11417 | D:7      | Killed Duvessa
 11432 | D:7      | Noticed Dowan
 11458 | D:7      | Killed Dowan
 11459 | D:7      | Reached skill level 13 in Spellcasting
 11705 | D:7      | Found a hazy altar of Hepliaklqana.
 11706 | D:7      | Found a shadowy altar of Dithmenos.
 11785 | D:8      | Reached *** piety under Cheibriados
 12699 | D:8      | Reached skill level 14 in Spellcasting
 12864 | D:8      | Reached **** piety under Cheibriados
 13381 | D:9      | Reached skill level 1 in Armour
 13464 | D:9      | Found a hide-covered altar of Uskayaw.
 13577 | D:9      | Reached XP level 10. HP: 55/63 MP: 25/28
 13724 | D:9      | Reached skill level 5 in Armour
 14020 | D:10     | Entered Level 10 of the Dungeon
 14051 | D:10     | Found Zicos's Assorted Antiques.
 14219 | D:10     | Noticed Fannar
 14336 | D:10     | Reached ***** piety under Cheibriados
 14372 | D:10     | Found a staircase to the Orcish Mines.
 14608 | D:11     | Noticed a six-headed hydra
 14616 | D:11     | Killed a six-headed hydra
 14927 | D:11     | Reached skill level 10 in Armour
 14969 | D:11     | Found a staircase to the Lair.
 15169 | D:11     | Reached XP level 11. HP: 41/68 MP: 26/29
 15824 | D:12     | Found a white marble altar of Elyvilon.
 16658 | D:12     | Reached ****** piety under Cheibriados
 16827 | D:13     | Noticed a centaur warrior
 16851 | D:13     | Killed a centaur warrior
 16937 | D:13     | Found Catoap's Armour Emporium.
 16974 | D:13     | Noticed a death knight
 17048 | D:12     | Learned a level 3 spell: Stone Arrow
 17174 | D:13     | Reached skill level 1 in Fighting
 17364 | D:13     | Found Fumnyi Vuari's Distillery.
 17367 | D:13     | Bought 2 potions of heal wounds for 110 gold pieces
 17367 | D:13     | Bought a potion of heal wounds for 55 gold pieces
 17367 | D:13     | Bought a potion of invisibility for 88 gold pieces
 17369 | D:13     | Bought a potion of berserk rage for 55 gold pieces
 17369 | D:13     | Bought a potion of haste for 110 gold pieces
 17500 | D:13     | Noticed a cyclops
 17500 | D:13     | Noticed a manticore
 17507 | D:13     | Killed a manticore
 17511 | D:13     | Killed a cyclops
 17512 | D:13     | Reached skill level 5 in Fighting
 17592 | D:13     | Found an ancient bone altar of Kikubaaqudgha.
 17781 | D:13     | Noticed a vault guard
 17790 | D:13     | Found a gate to the Vaults.
 17790 | D:13     | Noticed a vault guard
 17790 | D:13     | Noticed a vault guard
 17790 | D:13     | Noticed a vault guard
 17790 | D:13     | Noticed a vault guard
 17790 | D:13     | Noticed a vault guard
 17791 | D:13     | Noticed a vault guard
 17791 | D:13     | Noticed a vault guard
 17797 | D:13     | Noticed a seven-headed hydra
 17799 | D:13     | Killed a vault guard
 17799 | D:13     | Killed a vault guard
 17800 | D:13     | Reached XP level 12. HP: 59/91 MP: 18/30
 17800 | D:13     | Killed a vault guard
 17801 | D:13     | Killed a vault guard
 17804 | D:13     | Killed a vault guard
 17804 | D:13     | Killed a vault guard
 17805 | D:13     | Killed a vault guard
 17808 | D:13     | Killed a seven-headed hydra
 17808 | D:13     | Killed a vault guard
 17809 | D:13     | Reached skill level 10 in Fighting
 17948 | D:13     | Got a crude rapier
 17949 | D:13     | Identified the +6 rapier "Ycegot" {speed, rPois Int+4} (You
                  | found it on level 13 of the Dungeon)
 17998 | D:13     | HP: 3/92 [death knight/+4 broad axe of draining (8)]
 18215 | D:13     | HP: 3/92 [freezing wraith[a death knight] (2)]
 18215 | D:13     | Mangled by a freezing wraith

Illustrated notes

Levels and vault maps discovered:
D:1:      tarquinn_simple_flora_water_f, layout_loops_cross,
          hangedman_abyss_or_decor_stabs
D:2:      layout_loops_ring, nemelex_dance_club_becter
D:3:      layout_rooms, old_standard_altar
D:4:      layout_loops_ring, minmay_temple_entry_sparse_star, elyvilon_altar_4
D:5:      layout_basic, nicolae_ru_awakened_eye, kennysheep_nondescript
D:6:      layout_layer_cave, grunt_temple_overflow_cloverleaf,
          minmay_misc_feat_tower, minmay_manual_monstrance, uniq_menkaure
D:7:      layout_loops_ring, riverfiend_overflow_shadow_ancestor,
          serial_co_window_serial, co_window_paths_a,
          co_window_of_opportunity_a, co_window_corner_a, co_window_paths_a,
          co_window_paths_b, co_window_corner_a, co_window_of_opportunity_b,
          co_window_corner_b, co_window_broadway_b, co_window_2corner,
          glass_columns_a, glass_columns_b, enter_bailey_5, basic_altar,
          uniq_duvessa
D:8:      layout_layer_cave
D:9:      layout_basic, kennysheep_mini_moat
D:10:     layout_cross, hiddenorc2_lemuel, serial_shops,
          nicolae_shop_overgrown_old_shop, uniq_fannar
D:11:     layout_gridville, erik_lair_orcish_takeover, hangedman_decor_slide_cut
D:12:     layout_loops_corners, basic_altar, minmay_misc_feat_chi
D:13:     layout_gridville, erik_vaults_2, basic_altar, serial_shops,
          nicolae_shop_behind_doors, kennysheep_windowed_goal
Temple:   minmay_temple_forest_path

Skill      XL: |  1  2  3  4  5  6  7  8  9 10 11 12 |
---------------+-------------------------------------+-----
Ice Magic      | 5 6 7 8 9 10 11 12 | 12.0
Spellcasting   | 6 10 14 | 14.4
Armour         | 2 10 12 | 12.9
Fighting       | 7 10 | 10.0
Dodging        | |  2.1
Stealth        | |  1.7

Action                   |  1- 3 |  4- 6 |  7- 9 | 10-12 || total
-------------------------+-------+-------+-------+-------++-------
Melee: Unarmed           |    30 |     8 |       |       ||    38
       Mace              |       |    14 |   144 |   219 ||   377
Throw: Dart              |       |    17 |    14 |    10 ||    41
 Cast: Freeze            |    56 |    36 |    11 |     9 ||   112
       Frozen Ramparts   |     2 |    10 |    36 |    40 ||    88
       Summon Ice Beast  |       |     1 |    52 |    12 ||    65
       Stone Arrow       |       |       |       |    14 ||    14
Invok: Slouch            |       |       |       |     3 ||     3
 Abil: Hop               |       |       |     3 |     1 ||     4
  Use: Scroll            |       |     1 |    10 |     9 ||    20
       Potion            |       |       |     1 |     2 ||     3
 Stab: Sleeping          |       |       |       |     2 ||     2
       Distracted        |       |       |       |     1 ||     1
Armor: Robe              |     9 |     3 |    14 |       ||    26
       Ring mail         |       |       |    71 |   148 ||   219
Dodge: Dodged            |    51 |    31 |   173 |   342 ||   597

Table legend: (Time is in decaauts)
 A = Elapsed time spent in this place.
 B = Non-inter-level travel time spent in this place.
 C = Inter-level travel time spent in this place.
 D = Time resting spent in this place.
 E = Time spent auto-exploring this place.
 F = Levels seen in this place.
 G = Mean time per level.
                   A        B        C        D        E       F      G
               +--------+--------+--------+--------+--------+-----+--------+
         Total |  26389 |  24475 |   1914 |   5390 |  15797 |  15 | 1759.3 |
       Dungeon |  23817 |  21967 |   1850 |   4230 |  14851 |  13 | 1832.1 |
        Temple |    577 |    513 |     64 |      0 |    511 |   1 |  577.0 |
        Bailey |   1993 |   1993 |      0 |   1159 |    434 |   1 | 1993.0 |
               +--------+--------+--------+--------+--------+-----+--------+

Top non-repeatable levels by time:
     D:6: 3090 daAuts
     D:8: 2702 daAuts
    D:12: 2692 daAuts
    D:11: 2235 daAuts
  Bailey: 1993 daAuts
    D:13: 1934 daAuts
     D:7: 1871 daAuts
     D:5: 1839 daAuts
     D:4: 1758 daAuts
     D:1: 1433 daAuts
     D:2: 1315 daAuts
     D:9: 1203 daAuts
     D:3: 910 daAuts
    D:10: 829 daAuts
  Temple: 577 daAuts
